 Dungeon Crawl Stone Soup version 0.29.1-12-g30fa7ad0bf (webtiles) character file.

Game seed: 13444513194858224934

889 FexLirch the Geomancer (level 8, -3/57 HPs)
             Began as a Meteoran Earth Elementalist on Dec 14, 2022.
             Slain by Blork the orc
             ... wielding a +2 vampiric halberd
              (11 damage)
             ... on level 6 of the Dungeon.
             The game lasted 00:13:14 (1153 turns).

FexLirch the Geomancer (MeEE)                       Turns: 1153, Time: 00:13:14

Health: -3/57      AC:  5    Str: 11    XL:     8   Next: 51%
Magic:  1/13       EV: 12    Int: 18    God:
Gold:   133        SH:  0    Dex: 14    Spells: 6/12 levels left

rFire   . . .      SeeInvis +   j - +2 quarterstaff (drain)
rCold   . . .      Faith    .   (shield currently unavailable)
rNeg    . . .      Spirit   .   a - +0 robe
rPois   +          Reflect  .   (no helmet)
rElec   .          Harm     .   (no cloak)
rCorr   .          Rampage  .   s - +2 pair of gloves
Will    +....                   (no boots)
Stlth   +.........              (no amulet)
HPRegen 0.19/turn               u - ring of see invisible
MPRegen 0.13/turn               w - ring of poison resistance

@: glowing
A: sense surroundings 1, otherworldly, glowing, explore regen
a: no special abilities


You were on level 6 of the Dungeon.
You visited 1 branch of the dungeon, and saw 6 of its levels.

You collected 133 gold pieces.

Inventory:

Hand Weapons
 j - a +2 quarterstaff of draining (weapon)
Missiles
 t - 3 atropa-tipped darts (quivered)
 A - 6 curare-tipped darts
Armour
 a - a +0 robe (worn)
 b - a +0 cloak
 e - a +0 pair of gloves
 s - a +2 pair of gloves (worn)
Jewellery
 u - a ring of see invisible (left hand)
 w - a ring of poison resistance (right hand)
 x - a ring of flight
Wands
 h - a wand of iceblast (6)
 p - a wand of charming (10)
Scrolls
 c - a scroll of enchant weapon {unknown}
 d - 2 scrolls of immolation {unknown}
 g - 2 scrolls of teleportation
 i - a scroll of poison {unknown}
 m - a scroll of butterflies {unknown}
 o - 2 scrolls of fear {unknown}
 v - a scroll of amnesia {unknown}
 y - a scroll of magic mapping {unknown}
Potions
 f - 3 potions of degeneration {unknown}
 k - a potion of berserk rage {unknown}
 l - a potion of cancellation {unknown}
 n - 2 potions of flight
 r - 3 potions of attraction {unknown}
 z - a potion of resistance {unknown}


   Skills:
 - Level 2.6 Dodging
 - Level 1.5 Stealth
 - Level 2.9 Spellcasting
 + Level 4.5 Conjurations
 - Level 1.5 Transmutations
 * Level 9.9 Earth Magic


You had 6 spell levels left.
You knew the following spells:

 Your Spells              Type           Power      Damage    Failure   Level
a - Sandblast             Erth           76%        2d16      1%          1
b - Passwall              Tmut/Erth      19%        N/A       2%          2
c - Stone Arrow           Conj/Erth      56%        3d10      2%          3

Your spell library contained the following spells:

 Spells                   Type           Power      Damage    Failure   Level
 Shock                    Conj/Air       40%        1d5       6%          1
 Wereblood                Tmut           8%         N/A       13%         2
 Petrify                  Tmut/Erth      23%        N/A       16%         4
 Sublimation of Blood     Necr           2%         N/A       26%         2
 Swiftness                Air            2%         N/A       45%         3
 Airstrike                Air            1%         2d(1-17)  86%         4
 Summon Hydra             Summ           1%         N/A       100%        7


Dungeon Overview and Level Annotations

Branches:
Dungeon (6/15) Zot: 2401
 Temple: D:4-7

Altars:
Gozag
Nemelex Xobeh
Ru

Annotations:
D:6 Blork the orc


Innate Abilities, Weirdness & Mutations

You passively map a small area around you.
You are easily found by Zot.
You glow in the dark.
You regain HP and MP as you explore.


Message History

Press: ? - help, Shift-Dir - straight line, f/p - Pikel
Aim: Pikel, wielding a +1 whip of freezing and wearing a +1 robe of cold resistance (almost dead, 80% to hit)
The blast of sand misses Pikel.
The lemure hits you.
Pikel hits you with a +1 whip of freezing.
* * * LOW HITPOINT WARNING * * *
Pikel freezes you.
* * * LOW HITPOINT WARNING * * *
The lemure hits you!
* * * LOW HITPOINT WARNING * * *
The lemure closely misses you. The lemure hits you.
* * * LOW HITPOINT WARNING * * *
The lemure hits you but does no damage. Pikel misses you.
Blork the orc barely misses you. The lemure hits you.
* * * LOW HITPOINT WARNING * * *
Unknown command.
Unknown command.
Okay, then.
Unknown command.
Unknown command.
Unknown command.
Casting: Sandblast (safe; 1% risk of failure)
Confirm with . or Enter, or press ? or * to list all spells.
You don't have enough magic to cast this spell.
Casting: Sandblast (safe; 1% risk of failure)
Confirm with . or Enter, or press ? or * to list all spells.
Aiming: Sandblast (safe; 1% risk of failure)
Press: ? - help, Shift-Dir - straight line, f/p - Pikel
Aim: Pikel, wielding a +1 whip of freezing and wearing a +1 robe of cold resistance (almost dead, 80% to hit)
The blast of sand hits Pikel!
You kill Pikel!
With Pikel's spell broken, his former minions thank you for their freedom.
The lemure departs this earthly plane. x4; Blork the orc completely misses you.
Your Conjurations skill gained 2 levels and is now at level 4!
Your Earth Magic skill increases to level 9!
You have reached level 8!
Unknown command.
Okay, then.
You feel better.
Blork the orc hits you from afar with a +2 vampiric halberd!
You die...

, , , *, , * * ,* ,
########## ,
##...##...## , ,,
##.....(....## *,
#......[.....#
,.####............#
.........§.......#
*
........o)@.....##
.........§§§#...##
..=.....##..#####
,........##.## *
......$.##.#
.......*#.#
.#.#...####*#.#
........## #.#
#........## ,


You could see Blork the orc.

Vanquished Creatures
  Pikel (D:6)
  An ogre (D:5)
  2 scorpions
  A hound (D:4)
  2 iguanas (D:5)
  2 orc wizards (D:5)
  3 adders
  An ufetubus (D:4)
  3 worms
  3 dart slugs
  4 orcs
  8 ball pythons
  8 endoplasms
  2 giant cockroaches (D:2)
  5 goblins
  3 hobgoblins
  A kobold (D:3)
  4 quokkas
  4 bats
  2 frilled lizards (D:1)
  3 rats (D:2)
63 creatures vanquished.

Notes
Turn   | Place    | Note
-------+----------+-------------------------------------------
     0 | D:1      | FexLirch the Meteoran Earth Elementalist began the quest
                  | for the Orb.
     0 | D:1      | Reached XP level 1. HP: 14/14 MP: 5/5
    73 | D:2      | Reached XP level 2. HP: 18/20 MP: 2/6
   127 | D:2      | Reached skill level 4 in Earth Magic
   153 | D:2      | Learned a level 2 spell: Passwall
   204 | D:1      | Reached XP level 3. HP: 26/26 MP: 0/8
   377 | D:2      | Learned a level 3 spell: Stone Arrow
   493 | D:2      | Reached XP level 4. HP: 32/33 MP: 7/9
   539 | D:3      | Reached skill level 5 in Earth Magic
   621 | D:3      | Found a sacrificial altar of Ru.
   688 | D:4      | Noticed a scorpion
   694 | D:4      | Killed a scorpion
   695 | D:4      | Reached skill level 6 in Earth Magic
   695 | D:4      | Reached XP level 5. HP: 28/38 MP: 6/10
   756 | D:4      | Found an opulent altar of Gozag.
   840 | D:4      | Reached skill level 7 in Earth Magic
   840 | D:4      | Reached XP level 6. HP: 45/45 MP: 4/11
   892 | D:5      | Entered Level 5 of the Dungeon
   940 | D:5      | Found a sparkling altar of Nemelex Xobeh.
   963 | D:5      | Reached skill level 1 in Conjurations
   993 | D:5      | Noticed an ogre
   996 | D:5      | Killed an ogre
   997 | D:5      | Reached XP level 7. HP: 20/50 MP: 2/12
  1024 | D:5      | Reached skill level 8 in Earth Magic
  1116 | D:5      | HP: 2/50 [phantom (5)]
  1127 | D:6      | Noticed a troll
  1136 | D:6      | Noticed Pikel
  1146 | D:6      | Noticed Blork the orc
  1151 | D:6      | HP: 2/50 [lemure[Pikel] (1)]
  1152 | D:6      | Killed Pikel
  1153 | D:6      | Reached skill level 9 in Earth Magic
  1153 | D:6      | Reached XP level 8. HP: 1/57 MP: 1/13
  1153 | D:6      | Slain by Blork the orc

Illustrated notes

Levels and vault maps discovered:
D:1:      wander_arrival_desolate, layout_basic, basic_ecumenical_altar,
          minivault_11
D:2:      layout_basic, uniq_natasha, uniq_crazy_yiuf_cottage
D:3:      minmay_chambers_of_twos, layout_rooms, lemuel_doored_altar
D:4:      layout_loops_ring, grunt_gozag_breadcrumbs, marbit_many_paths,
          gup_sewer_entry_pipe, uniq_ijyb
D:5:      layout_rooms, nzn_hepliaklqana_mist_gate,
          mainiacjoe_overflow_concentric_impassable, lemuel_temple_firewalk_a
D:6:      layout_rooms, nicolae_overflow_hidden_temple, serial_shops,
          nicolae_diamond_shop, uniq_pikel, uniq_blork_the_orc, uniq_edmund

Skill      XL: |  1  2  3  4  5  6  7 |
---------------+----------------------+-----
Earth Magic    | 4 6 7 9 |  9.9
Conjurations   | 2 4 |  4.5
Dodging        | |  2.6
Stealth        | |  1.5
Spellcasting   | |  2.9
Transmutations | |  1.5

Action                   |  1- 3 |  4- 6 |  7- 9 || total
-------------------------+-------+-------+-------++-------
Melee: Unarmed           |     1 |       |       ||     1
       Quarterstaff      |     2 |       |       ||     2
Throw: Dart              |       |     3 |     6 ||     9
 Cast: Sandblast         |    38 |    39 |    17 ||    94
       Passwall          |     4 |       |       ||     4
       Stone Arrow       |       |     3 |    11 ||    14
  Use: Potion            |       |       |     4 ||     4
       Scroll            |       |       |     1 ||     1
Armor: Robe              |     8 |     1 |     7 ||    16
Dodge: Dodged            |    15 |     8 |    12 ||    35
